 Dungeon Crawl Stone Soup version 0.20.1-1-g8b1a95d (console) character file.

162 hilaritas the Cutter (level 5, -9/28 HPs)
             Began as a Spriggan Berserker on Oct 22, 2017.
             Was a Believer of Trog.
             Killed by nerve-wracking pain
             ... invoked by an orc priest
              (12 damage)
             ... on level 3 of the Dungeon.
             The game lasted 00:05:43 (2555 turns).

hilaritas the Cutter (Spriggan Berserker)           Turns: 2555, Time: 00:05:44

Health: -9/28      AC:  2    Str: 14    XL:     5   Next: 19%
Magic:  6/6        EV: 20    Int:  9    God:    Trog [**....]
Gold:   97         SH:  0    Dex: 15    Spells: 4/4 levels left

rFire    . . .     SeeInvis +   a - +0 short sword
rCold    . . .     Gourm    .   (shield restricted)
rNeg     . . .     Faith    .   b - +0 animal skin
rPois    .         Spirit   .   (helmet restricted)
rElec    .         Reflect  .   (no cloak)
rCorr    .         Harm     .   (gloves unavailable)
MR       .....                  (boots unavailable)
Stlth    ++........             (no amulet)
Regen    0.1/turn               (no ring)
MPRegen  0.1/turn               (no ring)

@: very quick
A: unfitting armour, see invisible, herbivore 3, speed 3, slow metabolism 2
a: Berserk, Trog's Hand, Burn Spellbooks, Renounce Religion


You were on level 3 of the Dungeon.
You worshipped Trog.
Trog was pleased with you.
You were not hungry.

You visited 1 branch of the dungeon, and saw 3 of its levels.

You collected 97 gold pieces.

Inventory:

Hand Weapons
 a - a +0 short sword (weapon)
Armour
 b - a +0 animal skin (worn)
Jewellery
 e - a +4 ring of strength {unknown}
 h - an uncursed ring of flight {unknown}
Scrolls
 d - 3 scrolls of fog {unknown}
 f - 2 scrolls of magic mapping {unknown}
 i - a scroll of immolation {unknown}
 k - a scroll of blinking {unknown}
 l - a scroll of identify {unknown}
 n - a scroll of recharging {unknown}
Potions
 g - a potion of flight {unknown}
 m - a potion of heal wounds {unknown}
Comestibles
 c - 3 bread rations
 j - a fruit


   Skills:
 * Level 2.8 Fighting
 * Level 5.4 Short Blades
 - Level 5.0 Dodging
 * Level 3.0 Stealth


You had 4 spell levels left.
You didn't know any spells.

Dungeon Overview and Level Annotations

Branches:
Dungeon (3/15)

Altars:


Innate Abilities, Weirdness & Mutations

You are very small and have problems with some larger weapons.
You are too small for most types of armour.
You have supernaturally acute eyesight. (SInv)
You are a herbivore.
You cover ground extremely quickly.
You need consume almost no food.


Message History

The orc priest is heavily wounded.
The orc priest completely misses you.
You hit the orc priest.
The orc priest is heavily wounded.
You hit the orc priest.
The orc priest is heavily wounded.
The orc priest completely misses you.
You hit the orc priest.
The orc priest is almost dead.
The orc priest completely misses you.
You hit the orc priest but do no damage.
The orc priest is almost dead.
The orc priest mumbles some strange prayers to Beogh against you.
Beogh smites you!
* * * LOW HITPOINT WARNING * * *
You barely miss the orc priest.
The orc priest is almost dead.
The orc priest mumbles some strange prayers to Beogh against you.
Pain shoots through your body!
You die...

##### #####
#...## ##...##
#....###.....#
#............#
##.#####.....#
#.#
##...#####.###
#.#
##)..@o...$.#
#####.###
########.#.#
#.......#
#.###.#.#
#.###.#.#
..##..#$#
..##...
.....).
####.### # #.#
####.#


You could see an orc priest.

Vanquished Creatures
  Jessica (D:3)
  Terence (D:3)
  4 adders
  2 oozes
  A dart slug (D:1)
  2 leopard geckos
  3 orcs (D:3)
  2 ball pythons (D:1)
  5 bats
  5 giant cockroaches
  8 goblins
  6 hobgoblins
  3 jackals (D:3)
  4 kobolds
  A quokka (D:3)
  8 frilled lizards
  5 rats
61 creatures vanquished.

Notes
Turn   | Place    | Note
-------+----------+-------------------------------------------
     0 | D:1      | hilaritas the Spriggan Berserker began the quest for the Orb.
     0 | D:1      | Reached XP level 1. HP: 11/11 MP: 2/2
   245 | D:1      | Reached skill level 1 in Stealth
   346 | D:1      | Reached XP level 2. HP: 16/16 MP: 3/3
   967 | D:1      | Reached XP level 3. HP: 19/19 MP: 4/4
  1164 | D:1      | Reached skill level 5 in Dodging
  1360 | D:2      | Reached ** piety under Trog
  1522 | D:2      | Reached XP level 4. HP: 22/23 MP: 5/5
  1849 | D:3      | Noticed Jessica
  1910 | D:3      | Killed Jessica
  2102 | D:3      | Noticed Terence
  2122 | D:3      | Killed Terence
  2122 | D:3      | Reached skill level 5 in Short Blades
  2397 | D:3      | Reached XP level 5. HP: 28/28 MP: 6/6
  2555 | D:3      | Killed from afar by an orc priest

Skill      XL: |  1  2  3  4  5 |
---------------+----------------+-----
Stealth        | 1 2 3 |  3.0
Short Blades   | 4 5 |  5.4
Dodging        | 5 |  5.0
Fighting       | |  2.8

Action                   |  1- 3 |  4- 6 || total
-------------------------+-------+-------++-------
Melee: Short sword       |   124 |   137 ||   261
Invok: Berserk           |     2 |     2 ||     4
       Trog's Hand       |       |     2 ||     2
  Use: Potion            |     3 |       ||     3
 Stab: Sleeping          |     2 |       ||     2
       Invisible         |     1 |       ||     1
  Eat: Fruit             |       |     2 ||     2
       Royal jelly       |       |     1 ||     1
Armor: Animal skin       |    10 |    11 ||    21
       Skin              |     5 |       ||     5
Dodge: Dodged            |    97 |   102 ||   199
